 Dungeon Crawl Stone Soup version 0.30-a0-457-g4b7bca3bfa (webtiles) character file.

Game seed: 15419637859620742268

144607 ytrimaz the Severer (level 16, -4/148 (149) HPs)
             Began as a Demigod Fighter on Dec 12, 2022.
             Slain by a broodmother (15 damage)
             ... on level 4 of the Spider Nest on Dec 13, 2022.
             The game lasted 00:44:17 (26245 turns).

ytrimaz the Severer (Demigod Fighter)              Turns: 26245, Time: 00:44:17

HP:   -4/148 (149)  AC: 37    Str: 37    XL:     16   Next: 32%
MP:   19/19         EV:  9    Int: 10    God:
Gold: 1893          SH:  0    Dex: 13    Spells: 15/15 levels left

rFire   + . .      SeeInvis .    l - +8 battleaxe of Gravity {vorpal, rElec rPois Will-}
rCold   . . .      Faith    .    (shield currently unavailable)
rNeg    + . .      Spirit   .    F - +0 shadow dragon scales
rPois   +          Reflect  .    M - +1 helmet of Buczyaga {*Slow rPois Regen+ Slay+2}
rElec   +          Harm     .    c - +2 cloak
rCorr   .          Rampage  .    a - +1 pair of gloves {Stlth+}
Will    .....                    r - +0 pair of boots
Stlth   +++.......               Y - amulet of regeneration
HPRegen 2.04/turn                o - +4 ring of protection
MPRegen 0.16/turn                n - ring of the Modern God {rF+ rN+ AC+4}

@: about to teleport, slowed, lightly drained, very slow
A: high MP 1, forlorn, divine attributes
a: no special abilities


You were on level 4 of the Spider Nest.
You visited 4 branches of the dungeon, and saw 26 of its levels.
You visited the Abyss 1 time.
You also visited: Gauntlet.

You collected 2923 gold pieces.
You spent 1030 gold pieces at shops.


Innate Abilities, Weirdness & Mutations

You have an increased reservoir of magic. (+10% MP)
You shall have no god before yourself.
Your divine heritage dramatically boosts your attributes as you level up.


   Skills:
 + Level 15.2 Fighting
 + Level 19.9 Axes
 - Level 16.0 Armour
 - Level 4.0 Shields


You had 15 spell levels left.
You didn't know any spells.
Your spell library contained the following spells:

 Spells                   Type           Power      Damage    Failure   Level
 Foxfire                  Conj/Fire      0%         2x1d4     67%         1
 Freeze                   Ice            0%         1d3       67%         1
 Necrotise                Necr           0%         1d4       67%         1
 Summon Small Mammal      Summ           0%         N/A       67%         1
 Scorch                   Fire           0%         2d5       82%         2
 Call Canine Familiar     Summ           0%         N/A       96%         3
 Frozen Ramparts          Ice            0%         1d1       96%         3
 Gell's Gravitas          Tloc           0%         N/A       96%         3
 Hailstorm                Conj/Ice       0%         3d3       96%         3
 Kindle Blastsparks       Fire/Tloc/Air  0%         2d10      96%         3
 Lesser Beckoning         Tloc           0%         N/A       96%         3
 Ozocubu's Armour         Ice            0%         N/A       96%         3
 Portal Projectile        Hex/Tloc       0%         N/A       96%         3
 Summon Guardian Golem    Hex/Summ       0%         N/A       96%         3
 Teleport Other           Tloc           0%         N/A       96%         3
 Tukima's Dance           Hex            0%         N/A       96%         3
 Vampiric Draining        Necr           0%         2d6       96%         3
 Anguish                  Hex/Necr       0%         N/A       100%        4
 Flame Wave               Conj/Fire      0%         2d4       100%        4
 Fulminant Prism          Conj/Hex       0%         3d5       100%        4
 Iskenderun's Mystic Bla  Conj/Tloc      0%         2d3       100%        4
 Leda's Liquefaction      Hex/Erth       0%         N/A       100%        4
 Manifold Assault         Tloc           0%         N/A       100%        4
 Passage of Golubria      Tloc           0%         N/A       100%        4
 Summon Ice Beast         Ice/Summ       0%         N/A       100%        4
 Summon Lightning Spire   Summ/Air       0%         N/A       100%        4
 Agony                    Necr           0%         N/A       100%        5
 Fireball                 Conj/Fire      0%         3d3       100%        5
 Iskenderun's Battlesphe  Conj           0%         2d6       100%        5
 Lee's Rapid Deconstruct  Erth           0%         3d4*      100%        5
 Metabolic Englaciation   Hex/Ice        0%         N/A       100%        5
 Summon Mana Viper        Hex/Summ       0%         N/A       100%        5
 Yara's Violent Unravell  Hex/Tmut       0%         3d3       100%        5
 Conjure Ball Lightning   Conj/Air       0%         3x3d7     100%        6
 Dispersal                Tloc           0%         N/A       100%        6
 Simulacrum               Ice/Necr       0%         N/A       100%        6
 Starburst                Conj/Fire      0%         6d3       100%        6
 Summon Cactus Giant      Summ           0%         N/A       100%        6
 Enfeeble                 Hex            0%         N/A       100%        7
 Malign Gateway           Summ/Tloc      0%         N/A       100%        7
 Monstrous Menagerie      Summ           0%         N/A       100%        7
 Orb of Destruction       Conj           0%         9d5       100%        7
 Storm Form               Tmut/Air       0%         N/A       100%        7
 Disjunction              Tloc           0%         N/A       100%        8
 Maxwell's Capacitive Co  Air            0%         โˆž       100%        8

Inventory:

Hand Weapons
 i - a +1 broad axe of chaos
   (You found it on level 3 of the Dungeon)
 l - the +8 battleaxe of Gravity (weapon) {vorpal, rElec rPois Will-}
   (You bought it in a shop on level 9 of the Dungeon)

   It inflicts extra damage upon your enemies.
   rElec:     It insulates you from electricity.
   rPois:     It protects you from poison.
   Will:      It decreases your willpower.
 A - the +1 broad axe "Lyanif" {spect, rF+ Int+3}
   (You bought it in a shop on level 1 of the Dungeon)

   When its wielder attacks, the weapon's spirit leaps out and strikes again.
   The spirit shares a part of any damage it takes with its wielder.
   Int:       It affects your intelligence (+3).
   rF:        It protects you from fire.
Armour
 a - a +1 pair of gloves of stealth (worn)
   (You found it in a Gauntlet)
 c - a +2 cloak (worn)
   (You found it on level 4 of the Spider Nest)
 r - a +0 pair of boots (worn)
   (You found it on level 8 of the Dungeon)
 F - +0 shadow dragon scales (worn)
   (You found it on level 13 of the Dungeon)
 L - +0 fire dragon scales
   (You found it on level 15 of the Dungeon)
 M - the +1 helmet of Buczyaga (worn) {*Slow rPois Regen+ Slay+2}
   (You bought it in a shop on level 9 of the Dungeon)

   Slay:      It affects your accuracy & damage with ranged weapons and melee
   (+2).
   rPois:     It protects you from poison.
   Regen:     It increases your rate of health regeneration.
   *Slow:     It may slow you when you take damage.
Jewellery
 f - a ring of positive energy
   (You found it on level 4 of the Spider Nest)
 h - a ring of protection from fire
   (You found it on level 2 of the Dungeon)
 n - the ring of the Modern God (right hand) {rF+ rN+ AC+4}
   (You found it on level 3 of the Dungeon)

   [ring of protection]

   AC:        It affects your AC (+4).
   rF:        It protects you from fire.
   rN:        It protects you from negative energy.
 o - a +4 ring of protection (left hand)
   (You found it on level 4 of the Dungeon)
 s - a ring of see invisible
   (You found it on level 5 of the Dungeon)
 z - the ring of Peace {rPois rC- rN+ SInv}
   (You found it on level 7 of the Dungeon)

   [ring of positive energy]

   rC:        It makes you vulnerable to cold.
   rPois:     It protects you from poison.
   rN:        It protects you from negative energy.
   SInv:      It lets you see invisible.
 N - a ring of protection from cold
   (You found it on level 12 of the Dungeon)
 P - a ring of protection from fire
   (You found it on level 15 of the Dungeon)
 W - a ring of flight
   (You found it on level 3 of the Lair of Beasts)
 X - an amulet of magic regeneration
   (You found it on level 3 of the Spider Nest)
 Y - an amulet of regeneration (around neck)
   (You found it on level 3 of the Lair of Beasts)
Wands
 b - a wand of light (23) (quivered)
   (You found it on level 10 of the Dungeon)
 e - a wand of mindburst (12)
   (You found it on level 1 of the Spider Nest)
 k - a wand of charming (17)
   (You found it on level 1 of the Lair of Beasts)
 y - a wand of flame (39)
   (You found it on level 7 of the Dungeon)
 K - a wand of digging (13)
   (You found it on level 11 of the Dungeon)
Scrolls
 d - a scroll of butterflies
 j - 2 scrolls of enchant armour
 m - 7 scrolls of teleportation
 p - 6 scrolls of vulnerability
 u - 2 scrolls of amnesia
 v - 5 scrolls of fear
 B - a scroll of fog
 H - 4 scrolls of blinking
 I - a scroll of noise
 Q - a scroll of silence
 R - a scroll of poison
 S - a scroll of enchant weapon
Potions
 q - 4 potions of attraction
 t - 2 potions of brilliance
 w - 13 potions of curing
 x - 4 potions of might
 C - 4 potions of flight
 D - 4 potions of invisibility
 E - 2 potions of haste
 G - 2 potions of heal wounds
 J - 4 potions of cancellation
 O - 6 potions of resistance
 T - a potion of magic
 U - 3 potions of mutation
 V - 7 potions of ambrosia
 Z - a potion of lignification

Dungeon Overview and Level Annotations

Branches:
Dungeon (15/15) Zot: 25997  Temple (0/1) D:7            Lair (5/5) D:11 Zot: 25065
 Shoals (0/4) Lair:2       Spider (4/4) Lair:2 Zot: 20660   Slime (0/5) Lair:4
    Orc (2/2) D:12 Zot: 10305     Elf (0/3) Orc:2        Vaults (0/5) D:14
 Depths (0/4) D:15        Gauntlet (visited)

Shops:
D:1 (   D:3 ?   D:5 (   D:9 ([*   D:10 *   D:11 *:?(!   Orc:1 ?   Orc:2 :(!!

Portals:
Hell: Lair:5

Annotations:
Lair:1 2 runed translucent doors, Puggon's ghost, journeyman TeAE
Lair:5 1 runed translucent door, themarg's ghost, journeyman DrCj

#. .... ^## .โ—‹. . #.#
.. .. #^###ยฐ###...
#^~.#^#^..^.
#....Z.....~
##..sss....#
######^..s@ยง....#
#..#.#....ss...##
####..^.......!...^.^
.##..##..........s..##.
...#.......^..........#
....^.....#..##...?..~#
.........^######....#.^^
.........## ########^
...#......##


You could see a broodmother (soul bound), an orb spider (soul bound), a jumping
spider (summoned), 4 redbacks and a wolf spider simulacrum.


Message History

You are too injured to fight recklessly!
You closely miss the redback. You slice the pharaoh ant!!
You hit the wolf spider. You completely miss the broodmother.
The redback bites you! The pharaoh ant bites you! The redback bites you!
* * * LOW HITPOINT WARNING * * *
The wolf spider hits you!
* * * LOW HITPOINT WARNING * * *
The wolf spider bites you.
* * * LOW HITPOINT WARNING * * *
You feel yourself slow down. ๐Ÿ˜จ HP[-45]
You take 45 damage, and now have 53/149 hp.
MASSIVE DAMAGE!! (PAUSE)
You slice the redback like a ripe choko!!!
You kill the redback!
You hit the broodmother. You barely miss the redback.
You slash the pharaoh ant! You slash the wolf spider!
The pharaoh ant bites you but does no damage.
The redback barely misses you.
The wolf spider hits you but does no damage.
The wolf spider bites you but does no damage.
The broodmother bites you but does no damage.
The redback bites you but does no damage.
The pharaoh ant bites you!
* * * LOW HITPOINT WARNING * * *
You partially resist.
You feel drained.
* * * LOW HITPOINT WARNING * * *
๐Ÿ˜จ HP[-6]
You now have 147 max hp (-2).
You take 6 damage, and now have 47/147 hp.
Unknown command.
Unknown command.
Unknown command.
As you read the scroll of teleportation, it crumbles to dust.
You feel strangely unstable.
The redback bites you but does no damage.
The wolf spider completely misses you.
The wolf spider bites you but does no damage.
The wolf spider hits you.
* * * LOW HITPOINT WARNING * * *
The wolf spider bites you but does no damage.
The jumping spider leaps!
The redback bites you but does no damage.
The broodmother bites you!
* * * LOW HITPOINT WARNING * * *
The pharaoh ant bites you but does no damage.
The redback barely misses you.
The wolf spider hits you but does no damage.
The wolf spider bites you but does no damage.
The wolf spider closely misses you. The wolf spider barely misses you.
The redback bites you!
* * * LOW HITPOINT WARNING * * *
The broodmother closely misses you. The pharaoh ant closely misses you.
The redback bites you but does no damage. ๐Ÿ˜ฑ HP[-22]
You take 22 damage, and now have 25/147 hp.
Unknown command.
Unknown command.
You hit the broodmother but do no damage.
You slash the wolf spider! You slice the redback!!
You kill the redback!
You slice the wolf spider!! You barely miss the redback.
You slash the pharaoh ant!
You destroy the pharaoh ant!
The pharaoh ant binds the souls of nearby monsters.
The wolf spider barely misses you.
The wolf spider bites you but does no damage.
The wolf spider barely misses you. The wolf spider bites you.
* * * LOW HITPOINT WARNING * * *
The jumping spider leaps!
The broodmother bites you but does no damage.
The redback bites you but does no damage.
The wolf spider hits you but does no damage.
The wolf spider bites you but does no damage.
The wolf spider closely misses you.
The wolf spider bites you but does no damage.
The redback bites you but does no damage. ๐Ÿ˜ฑ HP[+1]
You now have 148 max hp (+1).
Unknown command.
Unknown command.
You slash the broodmother! You hit the redback.
You carve the wolf spider like a ham!!!
You kill the wolf spider!
The wolf spider's corpse disappears in a puff of smoke!
You slash the redback! You slice the wolf spider!!
You kill the wolf spider!
You barely miss the redback.
A freezing mist starts to gather...
A wolf spider simulacrum comes into view.
The redback bites you but does no damage.
The broodmother bites you.
* * * LOW HITPOINT WARNING * * *
The jumping spider leaps!
The redback bites you!
* * * LOW HITPOINT WARNING * * *
The redback bites you but does no damage. x2
The redback bites you.
* * * LOW HITPOINT WARNING * * *
The broodmother bites you!
You die...

Skill      XL: |  1  2  3  4  5  6  7  8  9 10 11 12 13 14 15 16 |
---------------+-------------------------------------------------+-----
Shields        | 3 4 |  4.0
Axes           | 2 3 4 5 6 7 9 11 13 14 16 18 19 | 19.9
Armour         | 3 4 5 6 8 10 11 13 14 16 | 16.0
Fighting       | 4 9 14 15 | 15.2

Action                   |  1- 3 |  4- 6 |  7- 9 | 10-12 | 13-15 | 16-18 || total
-------------------------+-------+-------+-------+-------+-------+-------++-------
Melee: War axe           |   102 |   181 |   365 |       |       |       ||   648
       Broad axe         |       |       |    32 |   460 |   508 |       ||  1000
       Battleaxe         |       |       |       |       |   371 |   136 ||   507
Throw: Throwing net      |       |       |     2 |       |       |       ||     2
Evoke: Wand              |       |       |       |     2 |    23 |       ||    25
  Use: Scroll            |     3 |     4 |    10 |    12 |     8 |     2 ||    39
       Potion            |       |     1 |     5 |     8 |    17 |       ||    31
 Stab: Held in net/web   |       |       |     1 |       |       |       ||     1
       Distracted        |       |       |       |     7 |    14 |       ||    21
       Betrayed ally     |       |       |       |     1 |       |       ||     1
       Sleeping          |       |       |       |       |    19 |     2 ||    21
       Invisible         |       |       |       |       |     9 |       ||     9
Armor: Scale mail        |    78 |    83 |   224 |       |       |       ||   385
       Plate armour      |       |       |       |   304 |   111 |       ||   415
       Skin              |       |       |       |     2 |     3 |       ||     5
       Shadow dragon sca |       |       |       |       |   615 |   148 ||   763
Dodge: Dodged            |    64 |    90 |   184 |   248 |   368 |    62 ||  1016
Block: Buckler           |    33 |    71 |   120 |   120 |    93 |       ||   437

Levels and vault maps discovered:
D:1:      minmay_arrival_four_loops, layout_basic, serial_shops, shop
D:2:      minmay_chambers_of_twos, layout_loops_ring, uniq_natasha, uniq_robin
D:3:      layout_loops_ring, mainiacjoe_overflow_boulevard, serial_shops,
          nicolae_shop_hallway_plus, minmay_misc_feat_square, feat_on_display
D:4:      kennysheep_big_flooded_room, layout_gridville,
          nicolae_vehumet_altar_sigil
D:5:      layout_cave_pools, nicolae_ashenzari_skybound, serial_shops,
          nicolae_shop_overgrown_old_shop
D:6:      lemuel_slime, layout_basic, mainiacjoe_overflow_24_doors,
          chequers_temple_overflow_statue_of_worship, uniq_eustachio
D:7:      layout_basic, lemuel_mausoleum_altar_yredelemnul, temple_hall,
          uniq_prince_ribbit1
D:8:      layout_rooms, grunt_decor_clamped
D:9:      lemuel_ice_spiral_2, layout_basic, nicolae_overflow_crystal_walls,
          nicolae_gozag_zags_fifth_avenue, eat_drink_and_be_merry_uskayaw,
          kennysheep_mini, serial_shops, nicolae_diamond_shop,
          nicolae_shop_hallway_plus
D:10:     layout_irregular_city, nicolae_qazlal_scattered_showers,
          mainiacjoe_overflow_catwalk, nicolae_shop_gadgets, uniq_snorg
D:11:     layout_cave_pods, erik_lair_orcish_takeover, serial_shops,
          nicolae_shop_hallway_plus, shop_scrolls, shop, nicolae_diamond_shop,
          nicolae_stop_n_shop_2
D:12:     layout_basic, kennysheep_orc_monster_closet_entryway, grunt_decor_cap
D:13:     layout_loops_cross, portal_ice_cave_entry_pillars_2
D:14:     layout_roguey, lightli_vaults_fourway_checkpoint
D:15:     hangedman_depths_entry_civil_slaughter, layout_basic,
          serial_park_avenue1
Lair:1:   layout_roguey, ebering_ghost_disaster_area
Lair:2:   beast_lair_carwin_large_2, layout_misc_corridors,
          elwin_shoals_entry_rocks, dummy_spider_entry, uniq_erica, uniq_sonja
Lair:3:   layout_regular_city, ebering_ghost_funeral_grove, uniq_gastronok,
          uniq_nessos, uniq_rupert
Lair:4:   layout_big_grid, slime_entry_2, gauntlet_entry_generic,
          nzn_random_ring
Lair:5:   evil_forest, layout_gridlike, hellmonk_ghost_happy_afterlife,
          lemuel_oklob_altar
Spider:1: nicolae_spider_hilbert_zone_3 [nicolae_spider_hilbert_4_sides_2_open,
          nicolae_spider_hilbert_3_sides_1_open,
          nicolae_spider_hilbert_3_sides_1_open,
          nicolae_spider_hilbert_3_sides_1_open,
          nicolae_spider_hilbert_3_sides_1_open,
          nicolae_spider_hilbert_4_sides_1_open,
          nicolae_spider_hilbert_4_sides_1_open,
          nicolae_spider_hilbert_4_sides_1_open,
          nicolae_spider_hilbert_4_sides_1_open,
          nicolae_spider_hilbert_4_sides_1_open,
          nicolae_spider_hilbert_4_sides_1_open,
          nicolae_spider_hilbert_4_sides_1_open,
          nicolae_spider_hilbert_4_sides_1_open,
          nicolae_spider_hilbert_3_sides_1_open,
          nicolae_spider_hilbert_3_sides_1_open,
          nicolae_spider_hilbert_3_sides_1_open,
          nicolae_spider_hilbert_3_sides_1_open], uniq_agnes
Spider:2: layout_cave_pods
Spider:3: cheibrodos_spider_deadly_dance, special_room [special_room_bee],
          uniq_nikola
Spider:4: hellmonk_spider_rune_endless_swarm, hangedman_stitches_earthworm
Orc:1:    layout_diamond_mine, basic_altar, serial_shops, shop, mines2_lemuel
Orc:2:    kennysheep_orc_mage_school, layout_caves, uniq_azrael

Notes
Turn   | Place    | Note
-------+----------+-------------------------------------------
     0 | D:1      | ytrimaz the Demigod Fighter began the quest for the Orb.
     0 | D:1      | Reached XP level 1. HP: 18/18 MP: 3/3
     0 | D:1      | magus.rc [v1.9.6]
    97 | D:1      | Reached skill level 3 in Shields
    97 | D:1      | Found Abilatt's Weapon Emporium.
   357 | D:1      | Reached XP level 2. HP: 21/25 MP: 4/4
   763 | D:2      | Reached skill level 4 in Shields
   763 | D:2      | Reached XP level 3. HP: 9/30 MP: 5/5
   894 | D:2      | Reached skill level 2 in Axes
   965 | D:2      | Reached skill level 3 in Armour
  1123 | D:2      | Reached XP level 4. HP: 37/37 MP: 6/6
  1289 | D:2      | Noticed Robin
  1320 | D:2      | Killed Robin
  1380 | D:2      | Noticed Natasha
  1389 | D:2      | Killed Natasha
  1438 | D:2      | Noticed Natasha
  1443 | D:2      | Killed Natasha
  1444 | D:2      | Reached skill level 3 in Axes
  1491 | D:2      | Noticed Natasha
  1499 | D:2      | Killed Natasha
  1500 | D:2      | Reached XP level 5. HP: 40/42 MP: 7/7
  1717 | D:2      | Identified the +1 mace "Leehojakk" {drain, Int+7}
  2023 | D:3      | Reached skill level 4 in Armour
  2038 | D:3      | You add the spells Tukima's Dance, Passage of Golubria and
                  | Yara's Violent Unravelling to your library.
  2056 | D:3      | You pick up a book of the Hunter and begin reading...
  2056 | D:3      | You add the spells Call Canine Familiar, Portal Projectile
                  | and Leda's Liquefaction to your library.
  2070 | D:3      | Identified the ring of the Modern God {rF+ rN+ AC+4}
  2349 | D:3      | Found Piuh's Magic Scroll Shop.
  2832 | D:5      | Entered Level 5 of the Dungeon
  2875 | D:5      | Noticed an ice beast
  2883 | D:5      | Killed an ice beast
  2884 | D:5      | Reached skill level 4 in Axes
  2884 | D:5      | Reached XP level 6. HP: 31/50 MP: 8/8
  3142 | D:5      | HP: 12/50 [iguana (5)]
  3144 | D:5      | Reached skill level 5 in Armour
  3476 | D:5      | Found Ero Fun's Antique Weapon Emporium.
  3497 | D:5      | Reached skill level 5 in Axes
  3497 | D:5      | Reached XP level 7. HP: 50/56 MP: 9/9
  3851 | D:4      | Reached skill level 6 in Armour
  3911 | D:4      | HP: 10/56 [gnoll/+0 spear[a gnoll bouda] (6)]
  4193 | D:4      | You pick up a book of Callings and begin reading...
  4193 | D:4      | You add the spells Summon Small Mammal and Summon Guardian
                  | Golem to your library.
  4233 | D:4      | Reached skill level 6 in Axes
  4239 | D:4      | Reached XP level 8. HP: 23/62 MP: 10/10
  5237 | D:6      | Reached skill level 7 in Armour
  5455 | D:6      | HP: 15/62 [iguana (10)]
  5625 | D:6      | Noticed a slime creature
  5638 | D:6      | Killed a slime creature
  5639 | D:6      | Reached skill level 7 in Axes
  6036 | D:6      | Noticed Eustachio
  6073 | D:6      | Killed Eustachio
  6074 | D:6      | Reached skill level 8 in Armour
  6393 | D:6      | Reached XP level 9. HP: 62/68 MP: 11/11
  6467 | D:6      | Reached skill level 8 in Axes
  6802 | D:7      | You pick up a book of Scorching and begin reading...
  6802 | D:7      | You add the spells Scorch, Flame Wave and Summon Cactus
                  | Giant to your library.
  6851 | D:7      | Identified the ring of Peace {rPois rC- rN+ SInv}
  7436 | D:7      | You pick up a book of Frost and begin reading...
  7436 | D:7      | You add the spells Freeze, Frozen Ramparts and Hailstorm to
                  | your library.
  7469 | D:7      | Reached skill level 9 in Armour
  7497 | D:7      | Found a staircase to the Ecumenical Temple.
  7699 | D:7      | Noticed Prince Ribbit
  7730 | D:7      | Killed Prince Ribbit
  7971 | D:1      | Bought the +1 broad axe "Lyanif" {spect, rF+ Int+3} for 494
                  | gold pieces
  8158 | D:8      | Reached skill level 9 in Axes
  8172 | D:8      | You pick up a book of Maledictions and begin reading...
  8172 | D:8      | You add the spells Anguish and Enfeeble to your library.
  8424 | D:8      | Reached skill level 10 in Armour
  8424 | D:8      | Reached XP level 10. HP: 74/74 MP: 13/13
  8551 | D:8      | Noticed a two-headed ogre
  8558 | D:8      | Killed a two-headed ogre
  8559 | D:8      | Reached skill level 10 in Axes
  8779 | D:9      | Found Gozag's Platinum Reserve.
  9048 | D:9      | Identified the +1 scale mail of Zont {Rampage Str+6 Dex+2
                  | SInv}
  9062 | D:9      | Found Roenk's Antique Weapon Emporium.
  9262 | D:9      | Found Vufijuuwk's Antique Armour Emporium.
  9483 | D:9      | Reached skill level 11 in Armour
  9845 | D:10     | Entered Level 10 of the Dungeon
  9932 | D:10     | Reached skill level 11 in Axes
 10167 | D:10     | Found Xups's Gadget Gallery.
 10305 | D:10     | Noticed Snorg
 10316 | D:10     | Killed Snorg
 10317 | D:10     | Reached XP level 11. HP: 38/81 MP: 14/14
 10795 | D:11     | Found Zegiferu's Weapon Emporium.
 10812 | D:11     | Found Dineraet's Magic Scroll Shoppe.
 10854 | D:11     | Found Duevoiff's General Store.
 10880 | D:11     | Found Luoj's Book Emporium.
 11091 | D:11     | You pick up a book of the Spheres and begin reading...
 11091 | D:11     | You add the spells Iskenderun's Battlesphere, Fireball,
                  | Conjure Ball Lightning and Orb of Destruction to your
                  | library.
 11143 | D:11     | Found Wifaceor's Distillery.
 11255 | D:11     | Found a staircase to the Lair.
 11266 | D:11     | Reached skill level 12 in Armour
 11651 | D:9      | Bought a faintly glowing helmet for 237 gold pieces
 11651 | D:9      | Identified the +1 helmet of Buczyaga {*Slow rPois Regen+
                  | Slay+2} (You bought it in a shop on level 9 of the Dungeon)
 11721 | D:12     | Reached skill level 12 in Axes
 11999 | D:12     | Noticed a centaur warrior
 12031 | D:12     | HP: 14/81 [centaur warrior/+0 flail (8)]
 12033 | D:12     | HP: 5/81 [centaur warrior/+0 flail (4)]
 12036 | D:12     | Killed a centaur warrior
 12160 | D:12     | Noticed a two-headed ogre
 12165 | D:12     | Killed a two-headed ogre
 12382 | D:12     | You fall into a shaft and drop 2 floors!
 12419 | D:14     | Noticed an ogre mage
 12419 | D:14     | Noticed a two-headed ogre
 12419 | D:14     | Noticed a two-headed ogre
 12419 | D:14     | Noticed a two-headed ogre
 12419 | D:14     | Noticed a two-headed ogre
 12426 | D:14     | Killed a two-headed ogre
 12429 | D:14     | Noticed a two-headed ogre
 12433 | D:14     | Killed an ogre mage
 12438 | D:14     | HP: 15/81 [two-headed ogre/+0 giant spiked club (23)]
 12442 | D:14     | Killed a two-headed ogre
 12443 | D:14     | Reached skill level 13 in Armour
 12447 | D:14     | Killed a two-headed ogre
 12449 | D:14     | HP: 29/121 [two-headed ogre/+0 giant club (7)]
 12450 | D:14     | Killed a two-headed ogre
 12451 | D:14     | Reached skill level 13 in Axes
 12451 | D:14     | HP: 7/121 [two-headed ogre/+0 giant club (21)]
 12452 | D:14     | HP: 3/121 [two-headed ogre/+0 giant club (5)]
 12454 | D:14     | Killed a two-headed ogre
 12528 | D:13     | Noticed a deep elf pyromancer
 12545 | D:13     | Killed a deep elf pyromancer
 12546 | D:13     | Reached XP level 12. HP: 87/88 MP: 15/15
 12654 | D:12     | Found a staircase to the Orcish Mines.
 12976 | Lair:1   | Entered Level 1 of the Lair of Beasts
 13009 | Lair:1   | Found a large runed translucent door.
 13009 | Lair:1   | Found a large runed translucent door.
 13011 | Lair:1   | Noticed Puggon's ghost (journeyman TeAE)
 13296 | Lair:1   | Reached skill level 14 in Armour
 13322 | Lair:1   | You fall into a shaft and drop 1 floor!
 13322 | Lair:2   | Found a staircase to the Shoals.
 13328 | Lair:2   | Found a hole to the Spider Nest.
 13364 | Lair:2   | Reached skill level 14 in Axes
 13677 | Lair:2   | Noticed Erica
 13685 | Lair:2   | Killed Erica
 13836 | Lair:2   | Noticed Sonja
 13845 | Lair:2   | Killed Sonja
 14511 | Lair:3   | Noticed Rupert
 14524 | Lair:3   | Killed Rupert
 14565 | Lair:3   | You pick up a book of Displacement and begin reading...
 14565 | Lair:3   | You add the spells Lesser Beckoning, Gell's Gravitas and
                  | Teleport Other to your library.
 14753 | Lair:3   | Found a runed translucent door.
 14755 | Lair:3   | Noticed Piups's ghost (journeyman DsIE)
 14759 | Lair:3   | Identified the +5 trident "Vunafom" {chaos, rN+ Int+2}
 14778 | Lair:3   | Reached XP level 13. HP: 70/93 MP: 16/16
 14839 | Lair:3   | Reached skill level 15 in Armour
 14907 | Lair:3   | Noticed Nessos
 14924 | Lair:3   | Killed Nessos
 15048 | Lair:3   | Noticed Gastronok
 15054 | Lair:3   | Killed Gastronok
 15055 | Lair:3   | Reached skill level 15 in Axes
 15219 | Lair:3   | You pick up a book of Winter and begin reading...
 15219 | Lair:3   | You add the spells Ozocubu's Armour, Metabolic Englaciation
                  | and Simulacrum to your library.
 15592 | Lair:3   | Killed Piups's ghost
 15753 | Lair:4   | Found a gate leading to a gauntlet.
 15770 | Gauntlet | Entered a Gauntlet
 15770 | Gauntlet | Found a transporter.
 15770 | Gauntlet | Found a runed translucent gate.
 15770 | Gauntlet | Found a transporter.
 15776 | Gauntlet | Found a runed translucent gate.
 15781 | Gauntlet | Found a runed translucent gate.
 15788 | Gauntlet | Found a transporter.
 15804 | Gauntlet | Found a transporter.
 15812 | Gauntlet | Found a transporter.
 15816 | Gauntlet | Found a transporter.
 15824 | Gauntlet | Found a transporter.
 15841 | Gauntlet | Found a transporter.
 15844 | Gauntlet | Noticed a reaper
 15859 | Gauntlet | Found a transporter.
 15860 | Gauntlet | Found a transporter.
 15868 | Gauntlet | Found a transporter.
 15872 | Gauntlet | Found a transporter.
 16004 | Gauntlet | You pick up a book of the Sky and begin reading...
 16004 | Gauntlet | You add the spells Summon Lightning Spire, Storm Form and
                  | Maxwell's Capacitive Coupling to your library.
 16129 | Gauntlet | Identified the +5 ring mail "Mamin" {+Inv rPois rF- rC++}
 16129 | Gauntlet | Noticed a minotaur
 16139 | Gauntlet | Killed a minotaur
 16147 | Gauntlet | Identified the +2 cloak of the Three Coins {Harm Rampage}
 16148 | Gauntlet | You pick up a book of Necromancy and begin reading...
 16148 | Gauntlet | You add the spells Necrotise, Vampiric Draining and Agony
                  | to your library.
 16148 | Gauntlet | You pick up a book of the Warp and begin reading...
 16148 | Gauntlet | You add the spells Manifold Assault, Dispersal and
                  | Disjunction to your library.
 16148 | Gauntlet | You add the spells Summon Mana Viper and Malign Gateway to
                  | your library.
 16148 | Gauntlet | Got the Secrets of the Ensnaring Compass
 16379 | Lair:4   | Found a runed translucent door.
 16662 | Lair:4   | Reached skill level 16 in Armour
 16692 | Lair:4   | Reached skill level 16 in Axes
 16890 | Lair:4   | Found a staircase to the Slime Pits.
 17082 | D:9      | Bought a dazzling battleaxe for 299 gold pieces
 17082 | D:9      | Identified the +8 battleaxe of Gravity {vorpal, rElec rPois
                  | Will-} (You bought it in a shop on level 9 of the Dungeon)
 17310 | Orc:1    | Entered Level 1 of the Orcish Mines
 17346 | D:13     | Reached skill level 3 in Fighting
 17655 | D:13     | You pick up a book of Beasts and begin reading...
 17655 | D:13     | You add the spells Summon Ice Beast and Monstrous Menagerie
                  | to your library.
 17859 | D:13     | Reached skill level 4 in Fighting
 18027 | D:14     | Found a gate to the Vaults.
 18043 | D:14     | Reached XP level 14. HP: 50/105 MP: 17/17
 18058 | D:14     | Reached skill level 5 in Fighting
 18696 | D:15     | Entered Level 15 of the Dungeon
 18723 | D:15     | Reached skill level 6 in Fighting
 18839 | D:15     | Reached skill level 17 in Axes
 18996 | D:15     | Reached skill level 7 in Fighting
 19068 | D:15     | Found a staircase to the Depths.
 19706 | Orc:2    | Entered Level 2 of the Orcish Mines
 19722 | Orc:2    | Found a staircase to the Elven Halls.
 19789 | Orc:2    | Noticed an orc warlord
 19802 | Orc:2    | HP: 18/113 [orc warlord/+2 halberd of venom (11)]
 19806 | Orc:2    | Killed an orc warlord
 19995 | Orc:2    | Noticed Azrael
 20010 | Orc:2    | Killed Azrael
 20211 | Orc:2    | Reached skill level 8 in Fighting
 20341 | Orc:2    | Found Hicwicid's Distillery.
 20373 | Orc:2    | Found Inaahif's Book Shoppe.
 20417 | Orc:2    | Paralysed by an orc sorcerer for 4 turns
 20439 | Orc:2    | Noticed Erolcha
 20566 | Orc:2    | Killed Erolcha
 20594 | Orc:2    | Found Zial's Distillery.
 20637 | Orc:2    | Found Suir Kucha's Antique Weapon Emporium.
 20849 | Orc:1    | Found Quelopto's Magic Scroll Shop.
 21550 | Lair:5   | Entered Level 5 of the Lair of Beasts
 21615 | Lair:5   | Found a runed translucent door.
 21615 | Lair:5   | Noticed themarg's ghost (journeyman DrCj)
 21666 | Lair:5   | Identified the +8 scale mail of Ufeczed {Harm Drain rElec}
 21708 | Lair:5   | Reached skill level 9 in Fighting
 21761 | Lair:5   | Reached skill level 18 in Axes
 21793 | Lair:5   | Reached XP level 15. HP: 121/124 MP: 18/18
 22452 | Lair:5   | Found a gateway to Hell.
 22515 | Lair:5   | Identified a scroll of acquirement
 22515 | Lair:5   | Acquired a manual of Fighting
 22753 | Spider:1 | Entered Level 1 of the Spider Nest
 22824 | Spider:1 | Reached skill level 10 in Fighting
 22940 | Spider:1 | You pick up a book of Fire and begin reading...
 22940 | Spider:1 | You add the spells Foxfire and Starburst to your library.
 22983 | Spider:1 | Noticed Agnes
 22994 | Spider:1 | You are cast into the Abyss!
 22994 | Abyss:3  | Cast into level 3 of the Abyss (Agnes)
 23071 | Spider:1 | You pass through the gate.
 23071 | Spider:1 | Escaped the Abyss
 23081 | Spider:1 | Killed Agnes
 23082 | Spider:1 | Reached skill level 11 in Fighting
 24010 | Spider:1 | Reached skill level 12 in Fighting
 24545 | Spider:2 | Reached skill level 19 in Axes
 25143 | Spider:2 | magus.rc [v1.9.6]
 25180 | Spider:3 | Reached skill level 13 in Fighting
 25193 | Spider:3 | HP: 26/135 [disintegration (30)]
 25201 | Spider:3 | HP: 20/135 [disintegration (22)]
 25206 | Spider:3 | HP: 17/135 [disintegration (45)]
 25346 | Spider:3 | Noticed Nikola
 25354 | Spider:3 | HP: 34/136 [poisoned by a redback]
 25359 | Spider:3 | HP: 31/136 [redback (4)]
 25437 | Spider:3 | Killed Nikola
 25530 | Spider:3 | Reached skill level 14 in Fighting
 25600 | Spider:3 | Reached XP level 16. HP: 146/146 MP: 19/19
 25657 | Spider:3 | Found a runed translucent door.
 25977 | Spider:3 | You pick up a book of Blasting and begin reading...
 25977 | Spider:3 | You add the spells Kindle Blastsparks, Fulminant Prism,
                  | Iskenderun's Mystic Blast and Lee's Rapid Deconstruction to
                  | your library.
 26002 | Spider:3 | Identified the +3 chain mail "Luosyop" {rElec Will+ Str-5}
 26027 | Spider:4 | Entered Level 4 of the Spider Nest
 26067 | Spider:4 | Reached skill level 15 in Fighting
 26243 | Spider:4 | HP: 32/147 [broodmother (12)]
 26245 | Spider:4 | HP: 12/148 [redback (11)]
 26245 | Spider:4 | Slain by a broodmother

Vanquished Creatures
  Rupert (Lair:3)
  Agnes (Spider:1)
  Gastronok (Lair:3)
  A ghost moth (Spider:1)
  3 broodmothers
  An orc warlord (Orc:2)
  Nessos (Lair:3)
  A minotaur (Gauntlet)
  Azrael (Orc:2)
  4 spark wasps
  An ettin (D:15)
  Snorg (D:10)
  A fire dragon (D:15)
  Erolcha (Orc:2)
  An entropy weaver (Spider:1)
  4 vault guards (D:14)
  2 catoblepae
  A jorogumo (Spider:3)
  Erica (Lair:2)
  2 ogre magi
  3 radroaches
  4 hydras
  5 centaur warriors
  10 boulder beetles
  7 dancing weapons (Spider:3)
  2 death scarabs
  The ghost of Piups the Frost Mage, a journeyman DsIE of Vehumet (Lair:3)
  10 two-headed ogres
  3 tengu warriors
  An orc high priest (Orc:1)
  A soul eater (Gauntlet)
  Sonja (Lair:2)
  A wretched star (Gauntlet)
  A sun demon (Lair:5)
  2 sun moths
  2 pharaoh ants
  2 deep trolls (D:15)
  5 steelbarb worms
  2 wizards
  8 orb spiders
  2 orc knights
  3 deep elf pyromancers
  9 wolf spiders
  An oklob plant (Lair:5)
  11 orc sorcerers
  8 ugly things
  3 moths of wrath
  7 cyclopes
  3 manticores
  A spectral boulder beetle (Gauntlet)
  8 black mambas
  4 elephants
  7 cane toads
  5 torpor snails
  An orange demon (Lair:5)
  5 rime drakes
  2 kobold demonologists (D:10)
  2 unseen horrors
  A tengu conjurer (D:15)
  14 komodo dragons
  3 ice devils (Lair:5)
  An efreet (D:15)
  A queen bee (shapeshifter) (D:13)
  A hellwing (Lair:5)
  2 red devils (Lair:5)
  A queen bee (Spider:3)
  7 trolls
  24 tarantellas
  6 meliai (Spider:3)
  A polar bear (Lair:4)
  3 hornets
  7 slime creatures
  Prince Ribbit (D:7)
  6 blink frogs
  A dream sheep (Lair:4)
  A centaur simulacrum (D:14)
  24 jumping spiders
  A vampire (D:11)
  2 spriggans (Lair:3)
  A wraith (D:9)
  11 culicivoras
  2 wyverns
  53 yaks
  A shadow (D:11)
  5 basilisks
  4 fire elementals (Orc:2)
  Eustachio (D:6)
  A hog (shapeshifter) (D:13)
  43 redbacks
  3 vampire mosquitoes (D:12)
  4 steam dragons
  5 wargs
  17 water moccasins
  An acid dragon (D:10)
  7 hell hounds
  20 orc warriors
  2 ice beasts (D:5)
  3 black bears
  13 ogres
  7 wolves
  8 centaurs
  A phantom (D:6)
  6 kobold brigands
  2 small abominations (Gauntlet)
  4 necrophages
  13 bullfrogs
  3 gnoll sergeants (D:12)
  A wyvern zombie (D:7)
  5 scorpions
  7 wights
  39 killer bees
  8 howler monkeys
  A human zombie (D:7)
  5 hounds
  7 jellies
  A gnoll bouda (D:4)
  8 orc priests
  10 iguanas
  A hell rat (Lair:4)
  30 orc wizards
  Natasha (thrice) (D:2)
  2 killer bee zombies (D:7)
  2 mummies (D:7)
  2 howler monkey zombies (D:7)
  Robin (D:2)
  8 gnolls
  11 adders
  4 shadow imps (Gauntlet)
  A white imp (D:5)
  A worm (D:3)
  2 dart slugs
  60 orcs
  29 endoplasms
  2 giant cockroaches (D:1)
  20 goblins
  5 hobgoblins
  8 jackals
  6 quokkas
  8 ball pythons
  4 bats
  2 frilled lizards (D:3)
  13 kobolds
  9 rats
858 creatures vanquished.

Vanquished Creatures (others)
  Nikola (Spider:3)
  An orc wizard (Orc:2)
  An orc (D:8)
  21 fungi
  36 plants
60 creatures vanquished.

Grand Total: 918 creatures vanquished

Table legend:
 A = Non-vault XP
 B = Vault XP
 C = Vault XP percentage of total XP
 D = Non-vault monster count
 E = Vault monster count
 F = Vault count percentage of total count
                 A         B        C        D         E       F
            +---------+---------+-------+---------+---------+-------
      Total |  124878 |   82231 |  39.7 |     569 |     290 |  33.8
            +---------+---------+-------+---------+---------+-------
        D:1 |      39 |       0 |   0.0 |      22 |       0 |   0.0
        D:2 |     143 |      87 |  37.8 |      17 |      22 |  56.4
        D:3 |      69 |       0 |   0.0 |      29 |       0 |   0.0
        D:4 |     733 |       4 |   0.5 |      23 |       2 |   8.0
        D:5 |     775 |       0 |   0.0 |      17 |       0 |   0.0
        D:6 |     896 |     698 |  43.8 |      16 |      23 |  59.0
        D:7 |     423 |     837 |  66.4 |      11 |      13 |  54.2
        D:8 |    3088 |       0 |   0.0 |      26 |       0 |   0.0
        D:9 |    2665 |       0 |   0.0 |      32 |       0 |   0.0
       D:10 |    1979 |     931 |  32.0 |      16 |       1 |   5.9
       D:11 |    2282 |     566 |  19.9 |      13 |       7 |  35.0
       D:12 |    5896 |    1821 |  23.6 |      19 |      20 |  51.3
       D:13 |    7426 |       0 |   0.0 |      17 |       0 |   0.0
       D:14 |    7402 |    7422 |  50.1 |      10 |      12 |  54.5
       D:15 |   11407 |    4286 |  27.3 |      21 |       6 |  22.2
     Lair:1 |    3083 |       0 |   0.0 |      16 |       0 |   0.0
     Lair:2 |    4913 |    2799 |  36.3 |      22 |       8 |  26.7
     Lair:3 |    7136 |    5850 |  45.0 |      28 |       8 |  22.2
     Lair:4 |    5346 |    4468 |  45.5 |      18 |      14 |  43.8
     Lair:5 |    4845 |    9367 |  65.9 |      18 |      27 |  60.0
   Spider:1 |   12823 |    9672 |  43.0 |      27 |      16 |  37.2
   Spider:2 |   11507 |       0 |   0.0 |      34 |       0 |   0.0
   Spider:3 |   16982 |   13689 |  44.6 |      44 |      45 |  50.6
   Spider:4 |    4002 |    6467 |  61.8 |      12 |      14 |  53.8
      Orc:1 |    5679 |       0 |   0.0 |      32 |       0 |   0.0
      Orc:2 |    3339 |    9087 |  73.1 |      29 |      41 |  58.6
   Gauntlet |       0 |    4180 | 100.0 |       0 |      11 | 100.0
            +---------+---------+-------+---------+---------+-------

Illustrated notes

Table legend:
 A = Kills in this place as a percentage of kills in entire the game.
 B = Kills by you in this place as a percentage of kills by you in the entire game.
 C = Kills by friends in this place as a percentage of kills by friends in the entire game.
 D = Other kills in this place as a percentage of other kills in the entire game.
 E = Experience gained in this place as a percentage of experience gained in the entire game.
 F = Experience gained in this place divided by the number of levels of this place that you have seen.
                   A       B       C       D       E      F
               +-------+-------+-------+-------+-------+----------------------
         Total | 100.0 | 100.0 |   N/A | 100.0 | 100.0 | 7396.8
       Dungeon |  46.0 |  46.0 |   N/A |   0.0 |  29.9 | 4125.0
          Lair |  18.5 |  18.5 |   N/A |   0.0 |  23.1 | 9561.4
   Spider Nest |  22.4 |  22.3 |   N/A | 100.0 |  36.3 | 18785.5
  Orcish Mines |  11.9 |  11.9 |   N/A |   0.0 |   8.7 | 9052.5
      Gauntlet |   1.3 |   1.3 |   N/A |   0.0 |   2.0 | 4180.0
               +-------+-------+-------+-------+-------+----------------------

Table legend: (Time is in decaauts)
 A = Elapsed time spent in this place.
 B = Non-inter-level travel time spent in this place.
 C = Inter-level travel time spent in this place.
 D = Time resting spent in this place.
 E = Time spent auto-exploring this place.
 F = Levels seen in this place.
 G = Mean time per level.
                   A        B        C        D        E       F      G
               +--------+--------+--------+--------+--------+-----+--------+
         Total |  26293 |  24335 |   1958 |    988 |  17836 |  28 |  939.0 |
       Dungeon |  15877 |  14508 |   1369 |    363 |  11093 |  15 | 1058.5 |
          Lair |   4934 |   4552 |    382 |    134 |   3474 |   5 |  986.8 |
   Spider Nest |   3337 |   3259 |     78 |    180 |   2188 |   4 |  834.2 |
  Orcish Mines |   1694 |   1566 |    128 |    210 |    915 |   2 |  847.0 |
         Abyss |     58 |     58 |      0 |      0 |     47 |   1 |   58.0 |
      Gauntlet |    390 |    390 |      0 |    100 |    118 |   1 |  390.0 |
               +--------+--------+--------+--------+--------+-----+--------+

Top non-repeatable levels by time:
     D:4: 1642 daAuts
Spider:1: 1421 daAuts
     D:6: 1388 daAuts
     D:2: 1330 daAuts
  Lair:3: 1273 daAuts
    D:12: 1231 daAuts
     D:7: 1216 daAuts
   Orc:2: 1134 daAuts
  Lair:5: 1130 daAuts
    D:11: 1058 daAuts
     D:5: 1055 daAuts
     D:9: 1052 daAuts
Spider:2: 1014 daAuts
    D:10: 990 daAuts
     D:3: 915 daAuts
